 Dungeon Crawl Stone Soup version 0.16.2-12-gd0ad4c3 (webtiles) character file.

2900 faibistes the Thaumaturge (level 9, -4/46 HPs)
             Began as a Deep Elf Wizard on Dec 30, 2017.
             Was a Priest of Sif Muna.
             Slain by a boring beetle (21 damage)
             ... on level 8 of the Dungeon.
             The game lasted 00:29:03 (9789 turns).

faibistes the Thaumaturge (Deep Elf Wizard)         Turns: 9789, Time: 00:29:04

Health: -4/46      AC:  2    Str:  4    XL:     9   Next: 49%
Magic:  39/47      EV: 14    Int: 27    God:    Sif Muna [***...]
Gold:   341        SH:  0    Dex: 13    Spells: 7 memorised, 9 levels left

rFire  . . .     SeeInvis .     O - +2 dagger (elec)
rCold  . . .     Clarity  .     F - +0 robe {rC+}
rNeg   + + +     SustAb   .     (no shield)
rPois  .         Gourm    .     b - +0 hat
rElec  .         Spirit   .     (no cloak)
rCorr  .         Warding  .     (no gloves)
rMut   .         Stasis   .     (no boots)
MR     +....                    (no amulet)
Stlth  ++........               y - ring of magical power
                                I - ring "Eraunez" {rC- rN+++ MR+ MP+9}

@: repel missiles, somewhat resistant to hostile enchantments, unstealthy
A: no striking features
a: Channel Energy, Forget Spell, Renounce Religion


You were on level 8 of the Dungeon.
You worshipped Sif Muna.
Sif Muna was most pleased with you.
You were not hungry.

You visited 2 branches of the dungeon, and saw 9 of its levels.

You collected 341 gold pieces.

Inventory:

Hand weapons
 f - a +0 club
 j - a +0 dagger
 r - a +0 dagger of speed
 C - a +0 vampiric trident
 O - a +2 dagger of electrocution (weapon)
Armour
 a - a +0 robe
 b - a +0 hat (worn)
 F - a +0 robe of cold resistance (worn)
 H - a +2 robe of fire resistance
 L - the +2 shield "Muablyho" {Int+5}
   (You found it on level 5 of the Dungeon)

   It affects your intelligence (+5).
Jewellery
 t - an uncursed ring of protection from fire
 u - an uncursed ring of stealth
 y - a ring of magical power (right hand)
 I - the ring "Eraunez" (left hand) {rC- rN+++ MR+ MP+9}
   (You found it on level 6 of the Dungeon)

   [ring of magical power]

   It makes you vulnerable to cold.
   It renders you almost immune to negative energy.
   It affects your resistance to hostile enchantments.
   It affects your magic capacity (+9).
Magical devices
 m - a wand of lightning (5)
 q - a wand of frost (25)
Scrolls
 g - 2 scrolls of teleportation
 l - a scroll of recharging {unknown}
 o - 2 scrolls of enchant weapon {unknown}
 p - a scroll of magic mapping {unknown}
 w - a scroll of amnesia {unknown}
 x - 2 scrolls of blinking {unknown}
 A - 2 scrolls of remove curse {unknown}
 D - a scroll of fear {unknown}
 J - a scroll of noise {unknown}
Potions
 e - 2 potions of flight
 h - 3 potions of curing
 i - a potion of lignification
 k - 3 potions of restore abilities
 n - a potion of haste {unknown}
 v - 2 potions of agility {unknown}
 z - 2 potions of magic {unknown}
 B - a potion of cancellation {unknown}
 K - 2 potions of invisibility {unknown}
Books
 c - a book of Minor Magic

   Spells                             Type                      Level
   a - Magic Dart                     Conjuration                  1
   b - Blink                          Translocation                2
   c - Call Imp                       Summoning                    2
   d - Repel Missiles                 Charms/Air                   2
   e - Slow                           Hexes                        2
   f - Conjure Flame                  Conjuration/Fire             3
   g - Mephitic Cloud                 Conjuration/Poison/Air       3
 G - a book of Alchemy

   Spells                             Type                      Level
   a - Sublimation of Blood           Necromancy                   2
   b - Alistair's Intoxication        Transmutation/Poison         4
   c - Condensation Shield            Ice                          4
   d - Petrify                        Transmutation/Earth          4
   e - Ignite Poison                  Fire/Transmutation           5
   f - Irradiate                      Conjuration/Transmutation    5
Comestibles
 d - 4 bread rations
 s - a meat ration
 E - 7 fruits
 M - 3 chunks of flesh
 N - a slice of pizza


   Skills:
 + Level 0.7 Fighting
 + Level 5.5 Dodging
 - Level 2.4 Stealth
 * Level 9.3 Spellcasting
 + Level 5.4 Conjurations
 + Level 0.8 Charms
 - Level 4.3 Summonings
 + Level 2.4 Translocations
 - Level 3.0 Transmutations
 + Level 3.8 Fire Magic
 - Level 4.4 Air Magic
 * Level 3.1 Earth Magic
 - Level 3.1 Poison Magic
 * Level 1.4 Invocations
 + Level 1.2 Evocations


You had 9 spell levels left.
You knew the following spells:

 Your Spells              Type           Power        Failure   Level  Hunger
a - Magic Dart            Conj           ####         1%          1    None
b - Conjure Flame         Conj/Fire      #####...     2%          3    None
c - Call Imp              Summ           #####...     1%          2    None
d - Blink                 Tloc           N/A          2%          2    None
e - Mephitic Cloud        Conj/Pois/Air  #####...     2%          3    None
f - Repel Missiles        Chrm/Air       ####..       2%          2    None
g - Petrify               Trmt/Erth      ####....     17%         4    None


Dungeon Overview and Level Annotations

Branches:
Dungeon (8/15)             Temple (1/1) D:5
   Lair: D:8-11

Altars:
Ashenzari
Cheibriados
Dithmenos
Elyvilon
Fedhas
Gozag
Kikubaaqudgha
Makhleb
Nemelex Xobeh
Okawaru
Ru
Sif Muna
Trog
Vehumet
Xom
Zin
The Shining One


Message History

You hear a grinding noise.
You start resting.
You hear a grinding noise. x35
The boring beetle twitches its antennae in your direction.
You hear a grinding noise.
You hear a grinding noise.
You see here an iguana corpse.
You butcher the iguana corpse.
You hear a grinding noise.
Things that are here:
a chunk of flesh; an iguana skeleton Eat one of 4 chunks of flesh? (ye/n/q/i?) This raw flesh tastes terrible.
You hear a grinding noise.
You continue eating.
You hear a grinding noise.
You continue eating.
You hear a grinding noise.
The boring beetle bites you!!
You die...

#########
#.......########
#..............##
........B@........
##................
.[.......<....$...
.#.##.##........
#.#.# #........ #.
#........ ..
#....... #......
###...


You could see a boring beetle.

Vanquished Creatures
  Grinder (D:5)
  A hippogriff (D:8)
  Eustachio (D:5)
  Edmund (D:4)
  An orc warrior (D:5)
  A phantom (D:6)
  6 ogres
  An ice beast (D:7)
  A sky beast (D:6)
  Sigmund (D:5)
  3 giant frogs
  Blork the orc (D:5)
  4 wights (D:5)
  2 crimson imps
  A goliath beetle (D:6)
  2 jellies (D:6)
  A centaur skeleton (D:5)
  4 orc priests
  2 hounds (D:6)
  3 iguanas
  5 orc wizards
  5 worker ants
  A hound zombie (D:5)
  A hound skeleton (D:4)
  6 adders
  A shadow imp (D:5)
  7 gnolls (D:5)
  2 giant mites
  2 worms
  2 adder zombies
  2 giant geckos (D:2)
  2 oozes
  19 orcs
  2 ball pythons
  3 bat skeletons
  A bat zombie (D:7)
  7 giant cockroaches
  9 hobgoblins
  5 jackals
  17 kobolds
  A quokka (D:6)
  13 bats
  4 giant newts
  13 goblins
  13 rats
181 creatures vanquished.

Vanquished Creatures (collateral kills)
  A wight (D:5)
  An orc wizard (D:4)
  2 orcs (D:4)
  2 jackals (D:1)
6 creatures vanquished.

Vanquished Creatures (others)
  A crimson imp (D:5)
  2 white imps
  A giant spore (D:8)
4 creatures vanquished.

Grand Total: 191 creatures vanquished

Notes
Turn   | Place    | Note
--------------------------------------------------------------
     0 | D:1      | faibistes, the Deep Elf Wizard, began the quest for the Orb.
     0 | D:1      | Reached XP level 1. HP: 10/10 MP: 6/6
   266 | D:1      | Reached skill level 5 in Spellcasting
   266 | D:1      | Reached XP level 2. HP: 15/15 MP: 4/11
   294 | D:1      | Learned a level 2 spell: Blink
   297 | D:1      | Learned a level 2 spell: Call Imp
  1148 | D:2      | Reached XP level 3. HP: 19/19 MP: 6/14
  1275 | D:2      | Found a glowing golden altar of the Shining One.
  1324 | D:2      | Learned a level 3 spell: Conjure Flame
  1328 | D:2      | Learned a level 3 spell: Mephitic Cloud
  1797 | D:2      | Learned a level 2 spell: Repel Missiles
  1956 | D:2      | Reached XP level 4. HP: 24/24 MP: 14/17
  3296 | D:5      | Entered Level 5 of the Dungeon
  3492 | D:4      | Noticed an ogre
  3503 | D:4      | Killed an ogre
  3503 | D:4      | Reached skill level 6 in Spellcasting
  3503 | D:4      | Reached XP level 5. HP: 28/28 MP: 12/20
  3628 | D:4      | Noticed an ogre
  3635 | D:4      | Killed an ogre
  3635 | D:4      | Reached XP level 6. HP: 32/32 MP: 6/22
  3834 | D:5      | Found a deep blue altar of Sif Muna.
  3836 | D:5      | Found a shadowy altar of Dithmenos.
  3837 | D:5      | Found a burning altar of Makhleb.
  3841 | D:5      | Became a worshipper of Sif Muna the Loreminder
  3928 | D:4      | Noticed Edmund
  4446 | D:4      | Reached skill level 7 in Spellcasting
  4461 | D:4      | Reached skill level 1 in Air Magic
  4501 | D:4      | Killed Edmund
  4501 | D:4      | Reached skill level 1 in Fire Magic
  4501 | D:4      | Reached skill level 1 in Poison Magic
  4559 | D:4      | Reached XP level 7. HP: 28/36 MP: 12/25
  4727 | D:4      | Noticed an ogre
  4740 | D:4      | Killed an ogre
  4800 | D:4      | Acquired Sif Muna's first power
  5123 | D:6      | Found an iron altar of Okawaru.
  5203 | D:5      | Found a staircase to the Ecumenical Temple.
  5238 | Temple   | Entered the Ecumenical Temple
  5335 | D:5      | Noticed Sigmund
  5440 | D:5      | Noticed Grinder
  5460 | D:5      | Paralysed by Grinder for 5 turns
  5473 | D:5      | Killed Grinder
  5480 | D:5      | Killed Sigmund
  5480 | D:5      | Reached XP level 8. HP: 31/41 MP: 10/27
  6010 | D:5      | Acquired Sif Muna's second power
  6010 | D:5      | Reached skill level 8 in Spellcasting
  6214 | D:5      | Noticed Blork the orc
  6235 | D:5      | Killed Blork the orc
  6427 | D:5      | Learned a level 4 spell: Petrify
  6744 | D:5      | Reached skill level 1 in Transmutations
  6899 | D:5      | Reached skill level 1 in Earth Magic
  6939 | D:5      | Reached skill level 5 in Dodging
  7242 | D:6      | Got an ancient iron ring
  7581 | D:5      | Identified the ring "Eraunez" {rC- rN+++ MR+ MP+9} (You found it on level 6 of the Dungeon)
  7885 | D:5      | Reached XP level 9. HP: 26/45 MP: 29/29
  8076 | D:5      | Noticed Eustachio
  8118 | D:5      | Killed Eustachio
  8118 | D:5      | Reached skill level 5 in Conjurations
  8182 | D:5      | Got a spiked shield
  8188 | D:5      | Identified the +2 shield "Muablyho" {Int+5} (You found it on level 5 of the Dungeon)
  8922 | D:6      | Reached skill level 9 in Spellcasting
  9233 | D:7      | Reached skill level 1 in Evocations
  9725 | D:8      | Reached skill level 1 in Invocations
  9789 | D:8      | Slain by a boring beetle

Action                   |  1- 3 |  4- 6 |  7- 9 || total
-------------------------+-------+-------+-------++-------
Melee: Dagger            |       |    24 |    42 ||    66
 Cast: Magic Dart        |    74 |   132 |   334 ||   540
       Call Imp          |     1 |     8 |     6 ||    15
       Blink             |     1 |     2 |    20 ||    23
       Mephitic Cloud    |     1 |    15 |    32 ||    48
       Repel Missiles    |     1 |     2 |     2 ||     5
       Conjure Flame     |       |     3 |    32 ||    35
  Use: Potion            |       |     1 |       ||     1
       Scroll            |       |       |     4 ||     4
 Stab: Confused          |       |       |     3 ||     3
       Sleeping          |       |       |     2 ||     2
  Eat: Chunk             |     3 |     8 |    16 ||    27
